Match 43764667
Unlisted

Match 43764667
End
Construct Infanterie Kompanie
Pioneer Squad
MG 42 Machine Gun Team
Selects Terror Battlegroup
Selects Machine Gun Camouflage
MG 42 Machine Gun Team
GrW 34 Mortar Team
Grenadier Squad
Construct Luftwaffe Kompanie
221 Scout Car
Jäger Squad
Jäger Squad
Selects Defend the Fatherland
Selects Contempt for the Weak
Jäger Squad
Support Elements
Wirbelwind Flakpanzer
Selects Propaganda Leaflet Drop
Wirbelwind Flakpanzer
Propaganda Leaflet Drop
Marder III M Tank Destroyer
Side Skirts
Propaganda Leaflet Drop
Construct Panzer Kompanie
Jäger Squad
Panzer IV Medium Tank
Selects V1 Rocket Strike
Gwangju's Hero Chun Doo-gwang
freedman1984
Seven
mi prima de Cifuentes
STALKER4732
SoyaLors
kit.ohume
Devochkin
0
0

Comments sign in to comment!

No comments posted yet!